 Dungeon Crawl Stone Soup version 0.29-a0-43-g62a80824bf (webtiles) character file.

Game seed: 7567397480659636497

142 grumblor the Skirmisher (level 5, -6/28 HPs)
             Began as a Vine Stalker Fighter on Feb 3, 2022.
             Succumbed to a water moccasin's poison
             ... on level 3 of the Dungeon.
             The game lasted 00:01:51 (1583 turns).

grumblor the Skirmisher (Vine Stalker Fighter)      Turns: 1583, Time: 00:01:51

Health: -6/28      AC:  8    Str: 21    XL:     5   Next: 25%
Magic:  2/6        EV:  9    Int:  8    God:
Gold:   62         SH:  5    Dex: 13    Spells: 4/4 levels left

rFire   . . .      SeeInvis .   a - +0 war axe
rCold   . . .      Faith    .   c - +1 buckler
rNeg    . . .      Spirit   +   b - +0 scale mail
rPois   .          Reflect  .   (no helmet)
rElec   .          Harm     .   (no cloak)
rCorr   .          Rampage  .   (no gloves)
Will    .....                   (no boots)
Stlth   ..........              (no amulet)
HPRegen 0.89/turn               (no ring)
MPRegen 0.10/turn               (no ring)

@: mighty, lethally poisoned (-6 -> -43)
A: fangs 2, regeneration 1, magic shield, antimagic bite, no potion heal 2,
talons 1, iridescent scales 1
a: no special abilities


You were on level 3 of the Dungeon.
You visited 1 branch of the dungeon, and saw 3 of its levels.

You collected 62 gold pieces.

Inventory:

Hand Weapons
 a - a +0 war axe (weapon)
Armour
 b - a +0 scale mail (worn)
 c - a +1 buckler (worn)
Scrolls
 f - 2 scrolls of fog
Potions
 g - 3 potions of lignification {unknown}
 h - a potion of mutation
 j - a potion of heal wounds {unknown}


   Skills:
 * Level 3.5 Fighting
 + Level 3.0 Axes
 + Level 2.7 Armour
 * Level 1.2 Dodging
 * Level 3.2 Shields


You had 4 spell levels left.
You didn't know any spells.
Your spell library was empty.

Dungeon Overview and Level Annotations

Branches:
Dungeon (3/15)

Altars:


Innate Abilities, Weirdness & Mutations

You have extremely sharp teeth.
Your natural rate of healing is unusually fast.
When hurt, damage is shared between your health and your magic reserves.
Your bite disrupts and absorbs the magic of your enemies.
Potions cannot restore your health.
You have sharp toenails.
You are partially covered in iridescent scales. (AC +2)


Message History

A water moccasin comes into view.
The water moccasin moves out of view.
As you read the scroll labelled VEIKEULYSE, it crumbles to dust.
It is a scroll of amnesia.
You feel forgetful for a moment.
As you read the scroll labelled WESHUA WULIRRU, it crumbles to dust.
It is a scroll of enchant armour.
Your +0 buckler glows green for a moment.
The water moccasin bites you.
You are poisoned.
The water moccasin poisons you! The water moccasin barely misses you.
You miss the water moccasin. Your bite misses the water moccasin.
You feel very sick.
The water moccasin bites you but does no damage.
The water moccasin closely misses you.
You slash the water moccasin!
The water moccasin is moderately wounded.
You feel very sick.
The water moccasin completely misses you.
You barely miss the water moccasin.
The water moccasin is moderately wounded.
You feel very sick. The water moccasin bites you!
You are lethally poisoned!
The water moccasin poisons you! The water moccasin bites you.
You are more poisoned.
The water moccasin poisons you!
You feel very mighty all of a sudden.
* * * LOW HITPOINT WARNING * * *
You feel extremely sick. The water moccasin bites you.
* * * LOW HITPOINT WARNING * * *
The water moccasin bites you.
* * * LOW HITPOINT WARNING * * *
You are more poisoned.
The water moccasin poisons you!
It was a potion of mutation.
You feel extremely strange.
Iridescent scales grow over part of your body.
Your toenails lengthen and sharpen.
You die...

#.# ##
#.#######.# ..
#...<.....## .#
#.....)....#
.....########.#
##.# #.#
#.###.###
#####.#
......S.#
#.....# #@#
#.#####
#.#.####.#####
#............##
#...........>.#
###.####.###..#
#......# #..#
######.# #..#
#.# #..# #.#
#..#


You could see a water moccasin.

Vanquished Creatures
  2 orc wizards (D:2)
  2 adders (D:2)
  A worm (D:2)
  A dart slug (D:2)
  3 orcs (D:2)
  3 bats (D:1)
  6 endoplasms
  5 giant cockroaches
  8 goblins
  5 hobgoblins
  4 jackals (D:1)
  6 kobolds
  2 quokkas
  5 ball pythons
  5 frilled lizards
  3 rats
61 creatures vanquished.

Notes
Turn   | Place    | Note
-------+----------+-------------------------------------------
     0 | D:1      | grumblor the Vine Stalker Fighter began the quest for the
                  | Orb.
     0 | D:1      | Reached XP level 1. HP: 11/11 MP: 2/2
   188 | D:1      | Reached XP level 2. HP: 16/16 MP: 3/3
   567 | D:1      | Reached XP level 3. HP: 19/20 MP: 4/4
   947 | D:2      | Reached skill level 1 in Dodging
   947 | D:2      | Gained mutation: Your natural rate of healing is unusually
                  | fast. [Vine Stalker growth]
   947 | D:2      | Reached XP level 4. HP: 22/24 MP: 5/5
  1001 | D:2      | Found a faded altar of an unknown god.
  1135 | D:2      | Reached XP level 5. HP: 27/28 MP: 6/6
  1574 | D:3      | Noticed a water moccasin
  1583 | D:3      | Gained mutation: You are partially covered in iridescent
                  | scales. (AC +2) [potion of mutation]
  1583 | D:3      | Gained mutation: You have sharp toenails. [potion of
                  | mutation]
  1583 | D:3      | Succumbed to a water moccasin's poison

Illustrated notes

Levels and vault maps discovered:
D:1:      shiori_arrival_oz, layout_basic, minmay_misc_feat_nine_boxes
D:2:      minmay_skewed_foursquare, layout_loops_cross,
          hellmonk_ecumenical_altar_heavens_door
D:3:      layout_loops_ring, mainiacjoe_overflow_surrounded_room,
          kennysheep_slug_shrine, uniq_grinder

Skill      XL: |  1  2  3  4  5 |
---------------+----------------+-----
Fighting       | 3 |  3.5
Axes           | 2 3 |  3.0
Dodging        | 1 |  1.2
Shields        | 3 |  3.2
Armour         | |  2.7

Action                   |  1- 3 |  4- 6 || total
-------------------------+-------+-------++-------
Melee: War axe           |    76 |    69 ||   145
       Bite              |    19 |    13 ||    32
  Use: Scroll            |     2 |     3 ||     5
       Potion            |       |     2 ||     2
Armor: Scale mail        |    41 |    39 ||    80
Dodge: Dodged            |    26 |    41 ||    67
Block: Buckler           |    24 |    24 ||    48

Table legend: (Time is in decaauts)
 A = Elapsed time spent in this place.
 B = Non-inter-level travel time spent in this place.
 C = Inter-level travel time spent in this place.
 D = Time resting spent in this place.
 E = Time spent auto-exploring this place.
 F = Levels seen in this place.
 G = Mean time per level.
                   A        B        C        D        E       F      G
               +--------+--------+--------+--------+--------+-----+--------+
         Total |   1645 |   1602 |     43 |      0 |   1243 |   3 |  548.3 |
       Dungeon |   1645 |   1602 |     43 |      0 |   1243 |   3 |  548.3 |
               +--------+--------+--------+--------+--------+-----+--------+

Top non-repeatable levels by time:
     D:1: 974 daAuts
     D:2: 626 daAuts
     D:3: 44 daAuts
